 Dungeon Crawl Stone Soup version 0.31.0-32-g396128a36d (webtiles) character file.

Game seed: 16939149378355352586

109 Fractals the Conjurer (level 4, -2/33 HPs)
             Began as a Demonspawn Wanderer on Apr 13, 2024.
             Splashed by a jelly's acid (3 damage)
             ... on level 4 of the Dungeon.
             The game lasted 00:06:44 (2486 turns).

Fractals the Conjurer (Demonspawn Wanderer)         Turns: 2486, Time: 00:06:45

Health: -2/33      AC: -6    Str: 13    XL:     4   Next: 60%
Magic:  6/6        EV: 12    Int: 13    God:
Gold:   146        SH:  0    Dex: 13    Spells: 2/6 levels left

rFire   + . .        j - +1 dagger (venom)
rCold   . . .        (no shield)
rNeg    . . .        d - +0 robe
rPois   .            (helmet restricted)
rElec   .            (no cloak)
rCorr   .            (no gloves)
SInv    +            (no boots)
Will    .....        (no amulet)
Stlth   ++           l - ring of protection from fire
HPRegen 0.25/turn    m - ring of see invisible
MPRegen 0.10/turn

%: no passive effects
@: corroded
A: horns 1
a: no special abilities


You were on level 4 of the Dungeon.
You visited 1 branch of the dungeon, and saw 4 of its levels.

You collected 146 gold pieces.

Inventory:

Hand Weapons
 j - a +1 dagger of venom (weapon)
Armour
 b - a +0 buckler
 d - a +0 robe (worn)
Magical Staves
 k - a staff of death
Jewellery
 l - a ring of protection from fire (left hand)
 m - a ring of see invisible (right hand)
Scrolls
 e - a scroll of identify {unknown}
 f - a scroll of enchant weapon {unknown}
 h - a scroll of teleportation {unknown}
 i - a scroll of noise {unknown}
 n - a scroll of enchant armour {unknown}
Potions
 a - a potion of berserk rage {unknown}
 c - 4 potions of curing
 g - 2 potions of might {unknown}


   Skills:
 - Level 2.0 Fighting
 - Level 1.7 Polearms
 - Level 1.7 Dodging
 - Level 3.0 Stealth
 - Level 1.7 Shields
 + Level 1.7 Spellcasting
 + Level 3.2 Conjurations


You had 2 spell levels left.
You knew the following spells:

 Your Spells              Type           Power      Damage    Failure   Level
a - Magic Dart            Conj           36%        1d4       7%          1
b - Hailstorm             Conj/Ice       5%         3d5       38%         3

Your spell library contained the following spells:

 Spells                   Type           Power      Damage    Failure   Level
 Call Imp                 Summ           2%         N/A       36%         2
 Sublimation of Blood     Necr           1%         N/A       36%         2
 Call Canine Familiar     Summ           1%         N/A       61%         3
 Sigil of Binding         Hex            1%         N/A       61%         3
 Brom's Barrelling Bould  Conj/Erth      5%         2d3       80%         4
 Dimensional Bullseye     Hex/Tloc       0%         N/A       95%         4
 Summon Hydra             Summ           0%         N/A       100%        7


Dungeon Overview and Level Annotations

Branches:
Dungeon (4/15)
 Temple: D:4-7

Altars:


Innate Abilities, Weirdness & Mutations

You have a pair of small horns on your head.


Message History

There is a stone staircase leading up here.
Done exploring.
Done exploring.
There is a stone staircase leading down here.
You climb downwards.
There is a stone staircase leading up here.
There are monsters nearby!
Okay, then.
The hobgoblin shouts!
The orc shouts!
You hit the hobgoblin.
The hobgoblin is poisoned.
You headbutt the hobgoblin.
You kill the hobgoblin!
The orc hits you with a +0 hand axe.
You closely miss the orc. The orc closely misses you.
You hit the orc but do no damage.
The orc is poisoned.
The orc closely misses you.
You hit the orc.
The orc looks as sick as possible!
You headbutt the orc, but do no damage.
The orc is severely wounded.
You kill the orc!
No target in view!
No target in view!
Things that are here:
a +0 hand axe; a +0 ring mail HP restored.
A jelly comes into view.
The helpless jelly fails to defend itself.
You puncture the jelly!
Your hands burn!
The jelly is heavily wounded.
The jelly barely misses you.
You hit the jelly. The acid corrodes you!
Your hands burn!
The jelly is severely wounded.
The jelly hits you. The acid corrodes you!
You are splashed with acid!
You hit the jelly.
The jelly is poisoned.
Your hands burn!
You headbutt the jelly, but do no damage.
The jelly is almost dead.
The jelly hits you.
You are splashed with acid!
* * * LOW HITPOINT WARNING * * *
You hit the jelly but do no damage.
The jelly looks as sick as possible!
Your hands burn!
You die...

#..............
##.............
#.............
#....<........
##............
#............
.##########............
.......................
......J@..............#
.##########.........###
##.....#### #..#### ..#
#.# ..


You could see a jelly (extremely poisoned).

Vanquished Creatures
  3 adders
  A ribbon worm (D:2)
  6 orcs
  7 ball pythons
  5 endoplasms
  2 giant cockroaches
  5 goblins
  8 hobgoblins
  10 jackals
  7 kobolds
  5 bats
  5 frilled lizards
  4 rats (D:1)
68 creatures vanquished.

Notes
Turn   | Place    | Note
-------+----------+-------------------------------------------
     0 | D:1      | Fractals the Demonspawn Wanderer began the quest for the
                  | Orb.
     0 | D:1      | Fractals set off with the following items: a +0 spear, a +0
                  | buckler, a potion of curing, a +0 robe; and the following
                  | spell memorised: Magic Dart; and the following spells
                  | available to memorise: Hailstorm, Brom's Barrelling
                  | Boulder.
     0 | D:1      | Reached XP level 1. HP: 13/13 MP: 2/2
    74 | D:1      | Reached skill level 1 in Stealth
    99 | D:1      | Gained mutation: You have a pair of small horns on your
                  | head. [demonic ancestry]
    99 | D:1      | Reached XP level 2. HP: 20/20 MP: 1/3
   166 | D:1      | Reached skill level 1 in Fighting
   526 | D:1      | Reached XP level 3. HP: 25/26 MP: 4/4
  1642 | D:2      | Reached XP level 4. HP: 33/33 MP: 5/5
  2003 | D:3      | Learned a level 3 spell: Hailstorm
  2485 | D:4      | HP: 1/33 [acid (9)]
  2486 | D:4      | Splashed by a jelly's acid

Illustrated notes

Levels and vault maps discovered:
D:1:      minmay_arrival_up_and_down, layout_rooms
D:2:      layout_basic
D:3:      layout_basic
D:4:      layout_cave_pods, uniq_pikel

Skill      XL: |  1  2  3  4 |
---------------+-------------+-----
Stealth        | 1 2 3 |  3.0
Fighting       | 1 2 |  2.0
Polearms       | |  1.7
Dodging        | |  1.7
Shields        | |  1.7
Spellcasting   | |  1.7
Conjurations   | |  3.2

Action                     |  1- 3 |  4- 6 || total
---------------------------+-------+-------++-------
  Melee: Spear             |    52 |       ||    52
         Short sword       |    41 |       ||    41
         Headbutt          |    23 |    13 ||    36
         Dagger            |    34 |    59 ||    93
   Cast: Magic Dart        |    29 |     9 ||    38
   Stab: Sleeping          |       |     1 ||     1
 Armour: Robe              |    67 |    28 ||    95
  Dodge: Dodged            |    56 |    28 ||    84
  Block: Buckler           |     6 |       ||     6
